 Dungeon Crawl Stone Soup version 0.30-a0-305-g026cb31310 (webtiles) character file.

Game seed: 384424173998782315

2573 MrRokkomies the Twirler (level 9, -1/83 HPs)
             Began as an Armataur Gladiator on Oct 21, 2022.
             Was a High Priest of Uskayaw.
             Slain by an iguana (9 damage)
             ... on level 7 of the Dungeon.
             The game lasted 00:15:00 (4724 turns).

MrRokkomies the Twirler (Armataur Gladiator)        Turns: 4724, Time: 00:15:01

Health: -1/83      AC: 13    Str: 24    XL:     9   Next: 32%
Magic:  12/12      EV:  7    Int:  8    God:    Uskayaw [*****.]
Gold:   306        SH:  0    Dex: 12    Spells: 8/8 levels left

rFire   . . .      SeeInvis .    b - +2 dagger (venom)
rCold   . . .      Faith    .    (no shield)
rNeg    . . .      Spirit   .    y - +0 chain mail
rPois   .          Reflect  .    c - +0 helmet
rElec   .          Harm     .    B - scarf {+Inv}
rCorr   .          Roll     +    k - +2 pair of gloves
Will    .....                    (no barding)
Stlth   ..........               i - amulet of regeneration
HPRegen 1.13/turn                u - ring of wizardry
MPRegen 0.13/turn                (no ring)

@: lethally poisoned (-1 -> -2)
A: large, rugged brown scales 3, deformed body, armoured tail, roll, long
tongue, awkward tongue
a: Renounce Religion, Evoke Invisibility, Stomp, Line Pass, Grand Finale


You were on level 7 of the Dungeon.
You worshipped Uskayaw.
Uskayaw was noncommittal.
You visited 1 branch of the dungeon, and saw 7 of its levels.
You also visited: Ossuary.

You collected 306 gold pieces.

Inventory:

Hand Weapons
 a - a +1 quarterstaff
 b - a +2 dagger of venom (weapon)
Missiles
 d - 3 throwing nets
 e - 5 javelins (quivered)
 p - 21 poisoned darts
 I - 6 silver javelins
Armour
 c - a +0 helmet (worn)
 f - a +1 leather armour of willpower
 h - a +0 scale mail
 k - a +2 pair of gloves (worn)
 n - a +0 leather armour
 y - a +0 chain mail (worn)
 B - a scarf of invisibility (worn)
Jewellery
 i - an amulet of regeneration (around neck)
 u - a ring of wizardry (left hand)
Wands
 q - a wand of paralysis (8)
 A - a wand of mindburst (13)
Scrolls
 g - a scroll of vulnerability
 m - 7 scrolls of teleportation
 r - 2 scrolls of immolation
 v - a scroll of amnesia
 z - 7 scrolls of identify
 D - 2 scrolls of fog {unknown}
 F - 4 scrolls of enchant weapon
 G - 2 scrolls of fear
Potions
 j - 2 potions of lignification
 l - 3 potions of might
 o - 3 potions of curing
 s - 2 potions of resistance {unknown}
 t - a potion of brilliance {unknown}
 w - 6 potions of attraction {unknown}
 x - 2 potions of mutation {unknown}
 C - a potion of invisibility {unknown}
 E - 2 potions of haste {unknown}
 H - a potion of magic {unknown}


   Skills:
 * Level 6.9 Fighting
 * Level 7.3 Staves
 - Level 1.7 Throwing
 + Level 5.9 Armour
 - Level 2.3 Dodging
 + Level 4.8 Invocations


You had 8 spell levels left.
You didn't know any spells.
Your spell library contained the following spells:

 Spells                   Type           Power      Damage    Failure   Level
 Magic Dart               Conj           0%         1d3       69%         1
 Sting                    Tmut/Pois      0%         1d3       69%         1
 Blink                    Tloc           0%         N/A       82%         2
 Call Imp                 Summ           0%         N/A       82%         2
 Momentum Strike          Conj/Tloc      0%         3d8       82%         2
 Poisonous Vapours        Pois/Air       0%         N/A       82%         2
 Lesser Beckoning         Tloc           0%         N/A       96%         3
 Mephitic Cloud           Conj/Pois/Air  0%         N/A       96%         3
 Olgreb's Toxic Radiance  Pois           0%         N/A       100%        4
 Summon Ice Beast         Ice/Summ       0%         N/A       100%        4
 Summon Mana Viper        Hex/Summ       0%         N/A       100%        5
 Monstrous Menagerie      Summ           0%         N/A       100%        7


Dungeon Overview and Level Annotations

Branches:
Dungeon (7/15)             Temple (0/1) D:7         Ossuary (visited)

Altars:
Uskayaw
Xom


Innate Abilities, Weirdness & Mutations

You are completely covered in rugged brown scales. (AC +3, +7% HP)
Armour fits poorly on your strangely shaped body.
You have a long armoured tail.
You roll when moving toward enemies. (Rampage)
Your long tongue fully drains potion bottles. (2x potion effects)
Your tongue gives you trouble enunciating. (1.5x scroll delay)


Message History

You feel sick.
The killer bee stings you but does no damage. x2
The killer bee barely misses you. The killer bee closely misses you.
You hit the killer bee.
The killer bee looks as sick as possible!
The killer bee is heavily wounded.
You feel sick. The killer bee barely misses you.
The killer bee stings you but does no damage. x2
The killer bee stings you.
You completely miss the killer bee. You tail-slap the killer bee!
The killer bee is almost dead.
You feel sick.
The killer bee stings you but does no damage.
The killer bee barely misses you. The killer bee stings you.
You are more poisoned.
The killer bee poisons you! The killer bee stings you.
You closely miss the killer bee.
The killer bee is almost dead.
You feel sick.
The killer bee stings you but does no damage. x2
The killer bee stings you.
* * * LOW HITPOINT WARNING * * *
You are more poisoned.
The killer bee poisons you!
The killer bee stings you but does no damage.
You hit the killer bee.
You kill the killer bee!
You feel very sick.
You kill the killer bee!
You hit the iguana but do no damage.
The iguana is poisoned.
You feel very sick.
The iguana bites you but does no damage.
You hit the iguana but do no damage.
The iguana looks as sick as possible!
The iguana is lightly wounded.
You feel sick. The iguana bites you!
* * * LOW HITPOINT WARNING * * *
You hit the iguana but do no damage.
Your tail-slap misses the iguana.
The iguana is moderately wounded.
You feel sick. The iguana bites you!
You die...

.... .#. ....... #..#
##....... ##...###........
.............. ... ..#...# .
##)##.....# ..#..)#...#
#....#@.†# ###..l#..#
.....#...## . ..>..##......##
## ..#.
.....#........######..#
....###...##................#
#....###.#................##
#.....#.#.[...............#
#..........>......#.###.###


You could see an iguana (extremely poisoned).

Vanquished Creatures
  A wraith (Ossuary)
  A wyvern (D:7)
  A water moccasin (D:6)
  3 ice beasts
  A sky beast (D:6)
  2 ogres
  2 centaurs (D:7)
  A phantom (D:5)
  A kobold brigand (D:6)
  4 bullfrogs
  A water moccasin zombie (D:5)
  4 killer bees (D:7)
  A howler monkey (D:4)
  2 bullfrog zombies (D:5)
  4 hounds
  2 orc priests (D:3)
  Ijyb (D:4)
  2 iguanas
  4 orc wizards
  A scorpion zombie (D:5)
  A hound skeleton (D:5)
  A mummy (Ossuary)
  8 gnolls
  6 adders
  A shadow imp (D:6)
  3 white imps
  An ufetubus (D:5)
  3 worms
  2 dart slugs (D:1)
  11 orcs
  7 endoplasms
  3 giant cockroaches
  8 goblins
  8 hobgoblins
  3 jackals (D:4)
  2 quokkas
  5 ball pythons
  2 bats
  3 frilled lizards
  9 gnoll skeletons (Ossuary)
  12 kobolds
  4 kobold skeletons (Ossuary)
  12 orc skeletons (Ossuary)
  8 rats
162 creatures vanquished.

Vanquished Creatures (collateral kills)
  A phantom (D:6)
1 creature vanquished.

Vanquished Creatures (others)
  8 withered plants (D:5)
8 creatures vanquished.

Grand Total: 171 creatures vanquished

Notes
Turn   | Place    | Note
-------+----------+-------------------------------------------
     0 | D:1      | MrRokkomies the Armataur Gladiator began the quest for the
                  | Orb.
     0 | D:1      | Reached XP level 1. HP: 18/18 MP: 1/1
     2 | D:1      | Found a faded altar of an unknown god.
    96 | D:1      | Reached XP level 2. HP: 25/25 MP: 2/2
   118 | D:1      | Prayed at the altar of an unknown god.
   118 | D:1      | Became a worshipper of Uskayaw the Reveller
   118 | D:1      | Reached * piety under Uskayaw
   270 | D:1      | Reached skill level 3 in Staves
   288 | D:1      | Reached ** piety under Uskayaw
   342 | D:1      | Reached skill level 1 in Armour
   445 | D:1      | Reached XP level 3. HP: 31/32 MP: 3/3
  1379 | D:3      | Reached XP level 4. HP: 31/39 MP: 4/4
  1380 | D:3      | Reached skill level 1 in Invocations
  1472 | D:3      | Reached *** piety under Uskayaw
  1473 | D:3      | Reached XP level 5. HP: 20/48 MP: 4/6
  2252 | D:4      | Reached skill level 4 in Staves
  2297 | D:4      | Noticed Ijyb
  2312 | D:4      | Killed Ijyb
  2556 | D:4      | Reached XP level 6. HP: 44/54 MP: 7/7
  2698 | D:5      | Entered Level 5 of the Dungeon
  2724 | D:5      | Reached **** piety under Uskayaw
  2750 | D:5      | Noticed an ice beast
  2754 | D:5      | Killed an ice beast
  2755 | D:5      | Reached XP level 7. HP: 61/63 MP: 8/8
  2908 | D:5      | Reached skill level 5 in Staves
  3205 | D:5      | Reached skill level 5 in Fighting
  3596 | D:6      | Reached XP level 8. HP: 70/72 MP: 10/10
  3832 | D:6      | Reached skill level 6 in Staves
  3850 | D:6      | Found a sand-covered staircase.
  3855 | Ossuary  | Entered an ossuary
  4102 | D:6      | Found a shimmering altar of Xom.
  4117 | D:6      | Reached skill level 5 in Armour
  4438 | D:6      | Reached XP level 9. HP: 55/83 MP: 12/12
  4654 | D:7      | Found a staircase to the Ecumenical Temple.
  4703 | D:7      | Reached skill level 7 in Staves
  4706 | D:7      | Reached ***** piety under Uskayaw
  4724 | D:7      | Slain by an iguana

Illustrated notes

Levels and vault maps discovered:
D:1:      minmay_arrival_open_corners, layout_loops_ring,
          ebering_ecumenical_altar_sacrificial, minmay_pentomino_v2
D:2:      layout_rooms
D:3:      layout_basic
D:4:      layout_rooms, skrybe_limestone_x, uniq_ijyb
D:5:      layout_rooms, serial_undead, serial_undead_d, serial_undead_b,
          serial_undead_b, serial_undead_b, serial_undead_c, serial_undead_f,
          serial_undead_e
D:6:      layout_loops_ring, brannock_xom_greatest_gift,
          lightli_ossuary_entry_decrepit_ruins, amethyst_killhole
D:7:      layout_cave_pools, minmay_temple_entry_slanted, serial_shops, shop,
          gammafunk_ghost_nasty_kobolds

Skill      XL: |  1  2  3  4  5  6  7  8  9 |
---------------+----------------------------+-----
Fighting       | 2 3 4 5 6 |  6.9
Staves         | 3 4 5 6 7 |  7.3
Armour         | 1 2 3 4 5 |  5.9
Invocations    | 1 2 3 4 |  4.8
Throwing       | |  1.7
Dodging        | |  2.3

Action                   |  1- 3 |  4- 6 |  7- 9 || total
-------------------------+-------+-------+-------++-------
Melee: Quarterstaff      |    46 |    22 |   271 ||   339
       Tailslap          |    11 |    15 |    41 ||    67
       Dagger            |    70 |   119 |     8 ||   197
Throw: Javelin           |       |       |     4 ||     4
Evoke: Wand              |       |     4 |       ||     4
  Use: Scroll            |     6 |       |     7 ||    13
       Potion            |       |     2 |     1 ||     3
 Stab: Sleeping          |     1 |       |       ||     1
       Paralysed         |       |     1 |    13 ||    14
Armor: Leather armour    |    52 |       |       ||    52
       Scale mail        |     1 |    46 |       ||    47
       Chain mail        |       |    45 |   182 ||   227
Dodge: Dodged            |    64 |    29 |    91 ||   184

Table legend: (Time is in decaauts)
 A = Elapsed time spent in this place.
 B = Non-inter-level travel time spent in this place.
 C = Inter-level travel time spent in this place.
 D = Time resting spent in this place.
 E = Time spent auto-exploring this place.
 F = Levels seen in this place.
 G = Mean time per level.
                   A        B        C        D        E       F      G
               +--------+--------+--------+--------+--------+-----+--------+
         Total |   4744 |   4625 |    119 |    157 |   3387 |   8 |  593.0 |
       Dungeon |   4523 |   4404 |    119 |    157 |   3275 |   7 |  646.1 |
       Ossuary |    221 |    221 |      0 |      0 |    112 |   1 |  221.0 |
               +--------+--------+--------+--------+--------+-----+--------+

Top non-repeatable levels by time:
     D:3: 1041 daAuts
     D:6: 871 daAuts
     D:5: 868 daAuts
     D:1: 679 daAuts
     D:4: 559 daAuts
     D:2: 425 daAuts
 Ossuary: 221 daAuts
     D:7: 77 daAuts
